AoeStats
← andrea.arces2

Black Forest

515073733Analyzed
4v4 RM · 17d ago on Oct 20, 2026· 72m 2s· 8 players
Game mode
Random Map
Map size
Large (8 player)
Population
200
Speed
Normal
Resources
Standard
Victory
Conquest
Starting age
Dark Age
Ending age
Imperial Age
RankedLock teamsTeams togetherTeam positionsShared explorationLock speedFull tech treeHidden civsTurbo modeCheats
Victory
Defeat
🇮🇹 Celts · Italy
655
+17
🇫🇷 Koreans · France
642
+18
🇫🇷 Franks · France
626
+19
🇫🇷 Franks · France
600
+20
vs
🇩🇪 Franks · Germany
747
-42
🇧🇷 Mongols · Brazil
704
-19
🇩🇪 Lithuanians · Germany
680
-29
🇨🇦 Japanese · Canada
611
-15
INOX
3:00 Loom
12:13 Feudal Age
14:14 Double-Bit Axe
17:34 Wheelbarrow
16:59 Gold Mining
16:56 Horse Collar
20:32 Castle Age
19:30 Stone Mining
19:29 Town Watch
22:28 Bow Saw
27:43 Hand Cart
27:22 Fletching
29:02 Bodkin Arrow
30:07 Pikeman
30:48 Squires
30:33 Arson
31:02 Forging
31:02 Caravan
33:03 Town Patrol
34:05 Scale Mail Armor
34:40 Iron Casting
34:40 Coinage
38:25 Imperial Age
39:37 Conscription
40:04 Banking
40:41 Chemistry
39:38 Arrowslits
40:16 Ballistics
39:22 Halberdier
40:23 Guilds
40:03 Arrowslits
40:48 Fortified Wall
43:42 Two-Man Saw
43:21 Gold Shaft Mining
43:22 Stone Shaft Mining
42:56 Heavy Plow
47:17 Elite War Wagon
48:20 Shinkichon
53:19 Elite Fire Lancer
56:11 Thumb Ring
56:05 Heated Shot
56:10 Murder Holes
56:26 Masonry
56:02 Treadmill Crane
Rien
0:39 Loom
13:15 Feudal Age
14:42 Double-Bit Axe
16:38 Wheelbarrow
20:58 Castle Age
20:08 Stone Mining
20:11 Gold Mining
21:59 Hand Cart
22:20 Bow Saw
24:58 Gold Shaft Mining
29:15 Town Watch
31:16 Town Patrol
32:39 Fortified Wall
32:50 Ballistics
32:29 Murder Holes
33:50 Husbandry
37:42 Imperial Age
35:53 Treadmill Crane
39:09 Hoardings
38:47 Scale Barding Armor
38:53 Forging
38:29 Cavalier
38:33 Onager
39:40 Conscription
42:34 Chemistry
41:45 Masonry
41:13 Elite Throwing Axeman
43:02 Iron Casting
42:47 Chain Barding Armor
43:32 Caravan
44:20 Fervor
44:31 Sanctity
46:48 Blast Furnace
46:24 Plate Barding Armor
46:14 Paladin
47:27 Architecture
47:03 Siege Engineers
48:41 Scale Mail Armor
50:59 Chain Mail Armor
56:40 Plate Mail Armor
56:48 Squires
56:08 Pikeman
57:35 Halberdier
62:08 Chivalry
67:06 Heavy Scorpion
70:54 Padded Archer Armor
70:45 Fletching
WarZzEnTer
13:40 Feudal Age
15:55 Double-Bit Axe
21:55 Castle Age
21:09 Gold Mining
25:27 Gold Shaft Mining
28:14 Loom
31:50 Stone Mining
32:22 Bow Saw
35:30 Wheelbarrow
38:56 Hand Cart
40:14 Husbandry
40:31 Scale Barding Armor
40:51 Light Cavalry
42:49 Town Watch
43:30 Chain Barding Armor
43:21 Forging
48:19 Imperial Age
46:49 Ordonnance Companies
48:36 Iron Casting
49:43 Pikeman
50:24 Squires
50:09 Arson
50:10 Gambesons
50:51 Halberdier
51:41 Scale Mail Armor
52:41 Blast Furnace
52:49 Blast Furnace
51:16 Cavalier
53:08 Paladin
59:50 Man-at-Arms
61:29 Chain Mail Armor
61:49 Plate Barding Armor
63:32 Elite Throwing Axeman
64:34 Long Swordsman
66:08 Two-Handed Swordsman
68:02 Champion
andrea.arces2
0:27 Loom
11:30 Feudal Age
12:11 Double-Bit Axe
14:10 Wheelbarrow
15:00 Gold Mining
16:40 Horse Collar
22:10 Castle Age
20:19 Stone Mining
21:46 Forging
21:36 Scale Mail Armor
22:18 Fletching
23:46 Caravan
23:52 Heavy Plow
24:09 Bow Saw
24:48 Stone Shaft Mining
25:27 Fervor
28:34 Gold Shaft Mining
29:53 Iron Casting
29:34 Chain Mail Armor
33:19 Imperial Age
31:24 Hand Cart
32:36 Bodkin Arrow
32:42 Padded Archer Armor
32:55 Masonry
32:41 Murder Holes
33:07 Ballistics
33:33 Man-at-Arms
33:59 Gambesons
33:35 Pikeman
34:00 Arson
35:26 Chemistry
34:32 Siege Engineers
35:24 Long Swordsman
35:25 Halberdier
36:01 Elite Woad Raider
36:32 Stronghold
37:05 Conscription
36:38 Two-Handed Swordsman
39:36 Blast Furnace
39:06 Plate Mail Armor
38:53 Leather Archer Armor
38:19 Onager
38:21 Elite Skirmisher
40:19 Siege Onager
41:41 Capped Ram
41:47 Champion
43:50 Ring Archer Armor
43:51 Siege Ram
46:32 Light Cavalry
47:13 Husbandry
48:53 Scale Barding Armor
49:01 Heavy Mounted Crossbowman
55:54 Hussar
62:40 Heavy Scorpion
dark fader
joa091173
13:17 Feudal Age
15:11 Wheelbarrow
16:07 Double-Bit Axe
18:47 Castle Age
17:34 Horse Collar
19:01 Man-at-Arms
20:29 Bow Saw
20:22 Heavy Plow
22:25 Hand Cart
21:56 Town Watch
21:57 Loom
24:43 Town Patrol
25:02 Arson
25:02 Long Swordsman
29:15 Gold Mining
29:15 Stone Mining
32:14 Squires
36:53 Imperial Age
35:51 Stone Shaft Mining
36:04 Fortified Wall
36:43 Murder Holes
38:36 Conscription
38:52 Hoardings
40:32 Scale Barding Armor
40:38 Forging
40:42 Two-Handed Swordsman
42:02 Elite Leitis
42:57 Champion
44:17 Chain Barding Armor
47:49 Iron Casting
47:58 Fletching
56:12 Plate Barding Armor
64:15 Scale Mail Armor
TANGO
11:19 Feudal Age
10:55 Loom
13:00 Horse Collar
13:12 Double-Bit Axe
14:28 Wheelbarrow
16:05 Bloodlines
16:19 Gold Mining
19:42 Padded Archer Armor
20:49 Fletching
20:52 Horse Collar
25:57 Castle Age
24:34 Gold Mining
24:39 Stone Mining
26:39 Crossbowman
27:49 Bow Saw
28:20 Hand Cart
28:56 Thumb Ring
31:09 Hand Cart
31:39 Husbandry
33:54 Bodkin Arrow
36:54 Gold Shaft Mining
36:37 Leather Archer Armor
42:44 Imperial Age
40:46 Ballistics
42:29 Masonry
42:49 Elite Mangudai
43:53 Conscription
43:02 Elite Mangudai
43:46 Bracer
44:49 Chemistry
44:18 Caravan
45:51 Siege Engineers
45:27 Light Cavalry
48:21 Town Watch
48:02 Hussar
48:50 Scale Barding Armor
48:56 Forging
51:05 Iron Casting
50:54 Onager
58:50 Fortified Wall
basti schnägele
13:40 Feudal Age
16:07 Double-Bit Axe
20:01 Castle Age
18:54 Scale Mail Armor
19:09 Forging
20:21 Wheelbarrow
21:20 Pikeman
22:01 Squires
24:09 Gold Mining
25:27 Bow Saw
25:45 Stone Mining
26:30 Gold Shaft Mining
28:14 Hand Cart
29:23 Iron Casting
28:40 Fletching
32:04 Caravan
32:35 Coinage
34:26 Padded Archer Armor
34:22 Bodkin Arrow
37:29 Imperial Age
37:08 Ballistics
36:32 Treadmill Crane
38:30 Elite Throwing Axeman
38:31 Ordonnance Companies
40:59 Conscription
40:42 Cavalier
41:23 Husbandry
41:28 Loom
42:42 Banking
43:11 Paladin
49:41 Blast Furnace
48:58 Chain Mail Armor
48:48 Scale Barding Armor
67:18 Chain Barding Armor
67:29 Plate Mail Armor
67:15 Leather Archer Armor
Connection lost

Rejoining the realm…

Still unreachable

The connection could not be restored.

Session expired

The server has moved on; the page needs a fresh start.